 Dungeon Crawl Stone Soup version 0.21.0-3-g78d12a8 (webtiles) character file.

134 theanonym the Chopper (level 5, -2/46 HPs)
             Began as a Ghoul Gladiator on Jan 13, 2018.
             Slain by an iguana (7 damage)
             ... on level 3 of the Dungeon.
             The game lasted 00:03:54 (1504 turns).

theanonym the Chopper (Ghoul Gladiator)             Turns: 1504, Time: 00:03:55

Health: -2/46      AC:  9    Str: 19    XL:     5   Next: 17%
Magic:  4/4        EV:  8    Int:  3    God:
Gold:   130        SH:  0    Dex: 10    Spells: 4/4 levels left

rFire    . . .     SeeInvis .   a - +0 war axe
rCold    + . .     Gourm    .   (no shield)
rNeg     + + +     Faith    .   g - +0 chain mail
rPois    ∞         Spirit   .   c - +0 helmet
rElec    .         Reflect  .   (no cloak)
rCorr    +         Harm     .   (no gloves)
MR       .....                  (no boots)
Stlth    ..........             (no amulet)
HPRegen  0.00/turn              m - ring of resist corrosion {rCorr}
MPRegen  0.09/turn              (no ring)

@: rotting
A: rotting body, claws 1, carnivore, cold resistance 1, negative energy
resistance 3, inhibited regeneration, torment resistance, unbreathing
a: no special abilities


Innate Abilities, Weirdness & Mutations

Your body is rotting away.
You thrive on raw meat.
You are immune to poison.
You have sharp fingernails.
You are carnivorous and can eat meat at any time.
Your flesh is cold resistant. (rC+)
You are immune to negative energy. (rN+++)
You do not regenerate when monsters are visible.
You are immune to unholy pain and torment.
You can survive without breathing.


   Skills:
 + Level 3.7 Fighting
 * Level 4.5 Axes
 - Level 1.7 Throwing
 - Level 2.6 Dodging


You had 4 spell levels left.
You didn't know any spells.

Skill      XL: |  1  2  3  4 |
---------------+-------------+-----
Axes           | 3 4 |  4.5
Fighting       | 3 |  3.7
Throwing       | |  1.7
Dodging        | |  2.6

Action                   |  1- 3 |  4- 6 || total
-------------------------+-------+-------++-------
Melee: War axe           |   131 |    60 ||   191
Throw: Throwing net      |     2 |     2 ||     4
 Stab: Held in net/web   |     1 |     1 ||     2
  Eat: Chunk             |    14 |     9 ||    23
Armor: Leather armour    |     4 |       ||     4
       Chain mail        |    79 |    80 ||   159
Dodge: Dodged            |    64 |    57 ||   121

Inventory:

Hand Weapons
 a - a +0 war axe (weapon)
Armour
 b - a +0 leather armour {4}
 c - a +0 helmet (worn)
 g - a +0 chain mail (worn)
   (You found it on level 1 of the Dungeon)
Jewellery
 f - an uncursed ring of poison resistance {unknown}
   (You found it on level 2 of the Dungeon)
 m - a ring of resist corrosion (left claw) {rCorr}
   (You found it on level 2 of the Dungeon)
Scrolls
 j - 6 scrolls of identify {unknown}
 k - 2 scrolls of teleportation {unknown}
 o - a scroll of noise {unknown}
Potions
 h - a potion of invisibility {unknown}
 i - a potion of degeneration {unknown}
 l - a potion of mutation {unknown}
 n - a potion of berserk rage {unknown}
 q - 3 potions of heal wounds {unknown}
 w - a potion of curing
Comestibles
 e - 6 rations


You were on level 3 of the Dungeon.
You were not hungry.

You visited 1 branch of the dungeon, and saw 3 of its levels.

You collected 130 gold pieces.

Dungeon Overview and Level Annotations

Branches:
Dungeon (3/15)

Altars:
Nemelex Xobeh
Yredelemnul

#......#........#
#......#........#
#......#........#
#......#........+
##......#........#
#.......'........#
#######.......#........##
#.......................>
#.......@................
#######l#######.#........
######g### #.#........ #.....g..#
#.#+.#...#. ##........#
##........#. #########.........+
..........#.
.......#g#........######.......##
.......'............#..........##
.[.....#g######.....#.#.........#


You could see an iguana and 2 hobgoblins.

Notes
Turn   | Place    | Note
-------+----------+-------------------------------------------
     0 | D:1      | theanonym the Ghoul Gladiator began the quest for the Orb.
     0 | D:1      | Reached XP level 1. HP: 17/17 MP: 0/0
   165 | D:1      | Reached skill level 3 in Axes
   244 | D:1      | Reached XP level 2. HP: 20/25 MP: 1/1
   629 | D:2      | Noticed Terence
   641 | D:2      | HP: 11/25 [Terence/mace (7)]
   643 | D:2      | Killed Terence
   643 | D:2      | Reached skill level 3 in Fighting
   643 | D:2      | Reached XP level 3. HP: 14/31 MP: 2/2
   764 | D:2      | Found a basalt altar of Yredelemnul.
  1198 | D:3      | Found a sparkling altar of Nemelex Xobeh.
  1282 | D:3      | HP: 15/31 [adder (1)]
  1285 | D:3      | Reached XP level 4. HP: 16/38 MP: 3/3
  1313 | D:3      | HP: 16/38 [adder (4)]
  1315 | D:3      | Reached skill level 4 in Axes
  1441 | D:3      | Noticed Robin
  1448 | D:3      | HP: 18/38 [goblin/stone[Robin] (2)]
  1453 | D:3      | HP: 17/38 [bat (1)]
  1481 | D:3      | Reached XP level 5. HP: 34/45 MP: 4/4
  1488 | D:3      | HP: 22/45 [Robin/enchanted club (1)]
  1489 | D:3      | Killed Robin
  1496 | D:3      | HP: 19/46 [iguana (3)]
  1499 | D:3      | HP: 5/46 [iguana (10)]
  1504 | D:3      | Slain by an iguana

Vanquished Creatures
  Terence (D:2)
  Robin (D:3)
  4 adders (D:3)
  An ooze (D:3)
  3 worms
  A dart slug (D:3)
  5 bats
  3 giant cockroaches
  7 goblins (D:3)
  3 hobgoblins
  3 quokkas
  A ball python (D:3)
  5 frilled lizards
  7 kobolds
  5 rats
50 creatures vanquished.

Table legend:
 A = Turns spent in this place as a percentage of turns spent in the entire game.
 B = Non-inter-level travel turns spent in this place as a percentage of non-inter-level travel turns spent in the entire game.
 C = Inter-level travel turns spent in this place as a percentage of turns spent in this place.
 D = Turns resting spent in this place as a percentage of non-inter-level travel turns spent in this place.
 E = Turns spent auto-exploring this place as a percentage of non-inter-level travel turns spent in this place.
 F = Non-inter-level travel turns spent in this place divided by the number of levels of this place that you've seen.
                   A       B       C       D       E      F
               +-------+-------+-------+-------+-------+----------------------
         Total | 100.0 | 100.0 |   2.1 |   5.5 |  67.6 | 490.7
       Dungeon | 100.0 | 100.0 |   2.1 |   5.5 |  67.6 | 490.7
               +-------+-------+-------+-------+-------+----------------------
